 Dungeon Crawl Stone Soup version 0.27.1-4-g1640c2035a (webtiles) character file.

Game seed: 13215277012283894412

242 lonewolfV2 the Gusty (level 5, 0/39 HPs)
             Began as a Draconian Air Elementalist on Nov 15, 2021.
             Slain by Duvessa (5 damage)
             ... on level 4 of the Dungeon.
             The game lasted 00:21:01 (3172 turns).

lonewolfV2 the Gusty (Draconian Air Elementalist)   Turns: 3172, Time: 00:21:01

Health: 0/39       AC:  5    Str: 12    XL:     5   Next: 81%
Magic:  5/9        EV: 12    Int: 15    God:
Gold:   79         SH:  0    Dex: 11    Spells: 6/9 levels left

rFire    + . .     SeeInvis +   f - +3 short sword (venom) {Lonewolf}
rCold    + . .     Faith    .   (no shield)
rNeg     . . .     Spirit   .   (armour unavailable)
rPois    +         Reflect  .   (helmet restricted)
rElec    +         Harm     .   (no cloak)
rCorr    +         Rampage  .   (no gloves)
Will     .....                  (no boots)
Stlth    ++........             d - amulet of regeneration
HPRegen  1.13/turn              b - ring of see invisible
MPRegen  0.11/turn              (no ring)

@: about to teleport, resistant
A: AC +5, unfitting armour, cold-blooded
a: no special abilities


You were on level 4 of the Dungeon.
You visited 1 branch of the dungeon, and saw 4 of its levels.

You collected 79 gold pieces.

Inventory:

Hand Weapons
 a - a +1 dagger of venom
 f - a +3 short sword of venom (weapon) {Lonewolf}
Jewellery
 b - a ring of see invisible (left hand)
 d - an amulet of regeneration (around neck)
Wands
 j - a wand of paralysis (5)
 k - a wand of acid (5) (quivered)
Scrolls
 e - a scroll of immolation
 i - 2 scrolls of silence
Potions
 c - a potion of might


   Skills:
 - Level 0.7 Fighting
 + Level 1.3 Short Blades
 + Level 2.8 Dodging
 + Level 2.5 Stealth
 + Level 1.4 Unarmed Combat
 + Level 2.9 Spellcasting
 + Level 2.3 Conjurations
 + Level 3.8 Air Magic


You had 6 spell levels left.
You knew the following spells:

 Your Spells              Type           Power      Damage    Failure   Level
a - Shock                 Conj/Air       44%        1d5       6%          1
b - Static Discharge      Conj/Air       11%        N/A       9%          2

Your spell library contained the following spells:

 Spells                   Type           Power      Damage    Failure   Level
 Swiftness                Air            13%        N/A       12%         3
 Beastly Appendage        Tmut           4%         N/A       21%         1
 Wereblood                Tmut           2%         N/A       30%         2
 Airstrike                Air            6%         N/A       38%         4
 Gell's Gravitas          Tloc           1%         N/A       52%         3
 Lesser Beckoning         Tloc           1%         N/A       52%         3
 Spider Form              Tmut/Pois      1%         N/A       52%         3
 Teleport Other           Tloc           2%         N/A       52%         3


Dungeon Overview and Level Annotations

Branches:
Dungeon (4/15)
 Temple: D:4-7

Altars:

Shops:
D:1 [(

Annotations:
D:4 1 transporter, Dowan, Duvessa


Innate Abilities, Weirdness & Mutations

Your plain brown scales are hard. (AC +5)
You cannot fit into any form of body armour.
You are cold-blooded and may be slowed by cold attacks.


Message History

Found a bubbling emerald potion.
Dowan gestures at Duvessa while chanting.
Duvessa seems to speed up.
The shadow imp shouts, "Out, out, thou fobbing ditch-delivered bounder!"
Dowan casts a spell.
Dowan blinks!
Aiming: Corrosive Bolt
Press: ? - help, Shift-Dir - straight line, f - Duvessa
Aim: Duvessa, wielding a +0 short sword and wearing a +0 ring mail (fast, 79% to hit)
The bolt of acid hits Duvessa.
Duvessa is splashed with acid.
Duvessa is lightly wounded.
Duvessa hits you with a +0 short sword.
You closely miss Duvessa.
Duvessa is lightly wounded.
Duvessa hits you with a +0 short sword. Dowan closely misses you.
You hit Duvessa but do no damage.
Duvessa is poisoned.
Duvessa is lightly wounded.
Duvessa hits you with a +0 short sword. Duvessa misses you.
Dowan barely misses you.
The shadow imp laughs crazily.
You hit Duvessa.
Duvessa looks as sick as possible!
You tail-slap Duvessa, but do no damage.
Duvessa is moderately wounded.
Duvessa barely misses you. The quokka barely misses you.
Dowan hits you with a +0 dagger.
You feel protected. Duvessa hits you with a +0 short sword!
The quokka closely misses you. Duvessa hits you with a +0 short sword!
* * * LOW HITPOINT WARNING * * *
Dowan hits you with a +0 dagger.
* * * LOW HITPOINT WARNING * * *
The shadow imp shouts, "Away with thee, thou foisting fat-kidneyed snake-molt!"
As you read the scroll of teleportation, it crumbles to dust.
You feel strangely unstable.
The quokka bites you but does no damage.
Duvessa hits you with a +0 short sword!
* * * LOW HITPOINT WARNING * * *
Dowan barely misses you. The quokka barely misses you.
Duvessa hits you with a +0 short sword.
You die...

........#.≈≈P≈≈
........#.≈≈⌠≈≈
........#.≈P≈P≈5#.#
........#5≈...≈5#.#
........#o≈...≈o#.####
........####+####.#<.#
!.....er#≈(.$..≈#.#..#
#..e.#8P$©$P8#.#..###
#.##@#########.#.....
#...†.©.....#....#
#.......#...#####.##.#
#.......##......#....#
+.......###.###.#..###
#.......# #.# #.#....#
#.......# #.# #....#.#
######### #.# ####...#
#.# #.......


You could see Duvessa (fast, extremely poisoned), Dowan, an orc priest, a shadow
imp and a quokka.

Vanquished Creatures
  Jessica (D:2)
  Ijyb (D:4)
  Natasha (twice) (D:2)
  An orc wizard (D:2)
  4 adders
  A worm (D:2)
  2 dart slugs
  4 orcs
  3 ball pythons
  7 bats
  7 endoplasms
  4 giant cockroaches
  7 goblins
  10 hobgoblins
  5 kobolds
  3 quokkas
  A frilled lizard (D:3)
  3 rats
66 creatures vanquished.

Notes
Turn   | Place    | Note
-------+----------+-------------------------------------------
     0 | D:1      | lonewolfV2 the Draconian Air Elementalist began the quest
                  | for the Orb.
     0 | D:1      | Reached XP level 1. HP: 14/14 MP: 3/3
   284 | D:1      | Found Paeroshe's Armour Shoppe.
   352 | D:1      | Found Kuvel's Antique Weapon Boutique.
   453 | D:1      | Reached XP level 2. HP: 20/20 MP: 0/5
   548 | D:1      | Found a faded altar of an unknown god.
   630 | D:1      | Learned a level 2 spell: Static Discharge
  1236 | D:1      | Reached XP level 3. HP: 26/26 MP: 1/6
  1411 | D:2      | Reached skill level 1 in Unarmed Combat
  1486 | D:2      | Reached XP level 4. HP: 30/34 MP: 1/7
  2225 | D:2      | Noticed Jessica
  2229 | D:2      | Killed Jessica
  2230 | D:2      | Reached XP level 5. HP: 38/39 MP: 4/8
  2273 | D:2      | Noticed Natasha
  2281 | D:2      | Killed Natasha
  2415 | D:2      | Noticed Natasha
  2427 | D:2      | Killed Natasha
  2428 | D:2      | Reached skill level 1 in Short Blades
  3124 | D:4      | Noticed Ijyb
  3137 | D:4      | Killed Ijyb
  3145 | D:4      | Found a transporter.
  3155 | D:4      | Noticed Dowan
  3160 | D:4      | Noticed Duvessa
  3172 | D:4      | Slain by Duvessa

Illustrated notes

Levels and vault maps discovered:
D:1:      onia_arrival_mini_maze_b, layout_basic, serial_shops, shop,
          shop_statue, hellmonk_ecumenical_altar_blasted
D:2:      layout_loops_ring, bh_walls_and_bars, uniq_natasha, uniq_jessica
D:3:      layout_rooms
D:4:      gammafunk_wand_slinger, layout_basic, biasface_ghost_orc_armoury,
          uniq_menkaure, uniq_ijyb, uniq_duvessa, uniq_eustachio

Skill      XL: |  1  2  3  4  5 |
---------------+----------------+-----
Stealth        | 2 |  2.5
Dodging        | 2 |  2.8
Unarmed Combat | 1 |  1.4
Conjurations   | 2 |  2.3
Short Blades   | 1 |  1.3
Fighting       | |  0.7
Spellcasting   | |  2.9
Air Magic      | |  3.8

Action                   |  1- 3 |  4- 6 || total
-------------------------+-------+-------++-------
Melee: Unarmed           |    88 |       ||    88
       Tailslap          |     6 |     4 ||    10
       Dagger            |       |    53 ||    53
       Short sword       |       |    13 ||    13
 Cast: Shock             |    27 |    47 ||    74
       Static Discharge  |     9 |     8 ||    17
Evoke: Wand              |       |     2 ||     2
  Use: Scroll            |     2 |     5 ||     7
       Potion            |     1 |     2 ||     3
 Stab: Sleeping          |       |     1 ||     1
Armor: Skin              |    77 |    19 ||    96
Dodge: Dodged            |   151 |    67 ||   218
